Map: Port Aleksander EC

Players

zuka

  • Race: Protoss Protoss
  • League: Master
  • Spawn Location: 5:00

ȎlȎ - Winner!

  • Race: Protoss Protoss
  • League: Master
  • Spawn Location: 11:00

VOD

Have the link to the VOD?

Description

Time

  • Played on: May 12, 2019, 4:11 p.m.
  • Length: 3:33
Show
View Real Time Build Order
Export as new Build Order

zuka Protoss 

Build Orders:  

Get SALT Encoding   

  12  0:01  Probe  
  13  0:13  Probe  
  14  0:18  Pylon  
  14  0:21  Probe  
  15  0:32  Probe  
  15  0:38  Gateway  
  16  0:43  Probe  
  16  0:48  Assimilator  
  17  0:54  Probe  
  18  0:57  Assimilator  
  18  1:02  Probe  
  19  1:11  Probe  
  19  1:14  Gateway  
  20  1:32  Cybernetics Core  
  20  1:39  Pylon  
  20  1:59  Adept  
  19  2:08  Adept  
  19  2:12  Shield Battery  
  19  2:15  Shield Battery  
  23  2:19  Shield Battery  
  23  2:28  Adept  
  25  2:30  Shield Battery  
  25  2:38  Adept  
  24  2:58  Adept  
Show
View Real Time Build Order
Export as new Build Order

ȎlȎ Protoss - Winner!

Build Orders: 1 Gate Expand 

Get SALT Encoding   

  12  0:00  Probe  
  13  0:13  Probe  
  14  0:23  Pylon  
  14  0:25  Probe  
  15  0:41  Gateway  
  15  0:44  Probe  
  16  0:56  Probe  
  17  1:20  Nexus  
  17  1:27  Zealot  
  19  1:34  Cybernetics Core  
  19  1:39  Pylon  
  19  1:47  Zealot  
  21  2:05  Zealot  
  21  2:13  Forge  
  23  2:21  Shield Battery  
  23  2:25  Shield Battery  
  23  2:27  Shield Battery  
  23  2:30  Shield Battery  
  23  2:37  Probe  
  24  2:54  Photon Cannon  
  24  2:56  Photon Cannon  
  24  3:02  Photon Cannon  
  22  3:14  Photon Cannon  
  20  3:33  Assimilator  
Tags
 
Add a new tag
Caveats
  • Supply blocks, unpowered buildings, or Contaminate may cause inaccurate times.
  • Supply counts are checked every 10 seconds.